 Dungeon Crawl Stone Soup version 0.31-b1-20-g67cafac56d (webtiles) character file.

Game seed: 10823485471956313903

239 hawla the Scratcher (level 5, -1/25 HPs)
             Began as a Felid Shapeshifter on Jan 17, 2024.
             Slain by a gnoll
             ... wielding a +0 flail
              (14 damage)
             ... on level 4 of the Dungeon.
             The game lasted 00:05:31 (1904 turns).

hawla the Scratcher (Felid Shapeshifter)            Turns: 1904, Time: 00:05:31

Health: -1/25      AC:  1    Str: 12    XL:     5   Next: 79%
Magic:  6/6        EV: 18    Int: 14    God:
Gold:   793        SH:  0    Dex: 15    Spells: 4/4 levels left
                                        Lives:  0   Deaths: 2

rFire   . .          .
                       - Unarmed
rCold   . . .        (shield unavailable)
rNeg    . . .        (body armour unavailable)
rPois   .            (helmet unavailable)
rElec   .            (cloak unavailable)
rCorr   .            (gloves unavailable)
SInv    +            (boots unavailable)
Will    .....        i - amulet of the acrobat
Stlth   +            (no ring)
HPRegen 0.24/turn    (no ring)
MPRegen 0.10/turn

%: acrobat
@: beast-form
A: beast (slay +2), very small, claws 1, fangs 3, see invisible, shaggy fur 1,
stealthy paws, no weapons or thrown items, no armour, multi-lived
a: Begin Untransformation


You were on level 4 of the Dungeon.
You were a hulking beast.
You visited 1 branch of the dungeon, and saw 4 of its levels.

You collected 793 gold pieces.

Inventory:

Jewellery
 i - an amulet of the acrobat (around neck)
Talismans
 b - a beast talisman
 c - a flux talisman
Scrolls
 a - a scroll of fog
 e - 2 scrolls of revelation
 f - 3 scrolls of noise {unknown}
 k - a scroll of silence
 l - 2 scrolls of enchant armour {unknown}


   Skills:
 - Level 1.0 Fighting
 + Level 3.5 Dodging
 * Level 5.5 Unarmed Combat
 * Level 3.7 Shapeshifting


You had 4 spell levels left.
You didn't know any spells.
Your spell library was empty.

Dungeon Overview and Level Annotations

Branches:
Dungeon (4/15)
 Temple: D:4-7

Altars:
Vehumet
Zin

Annotations:
D:4 Menkaure


Innate Abilities, Weirdness & Mutations

You are a hulking beast.
Your limbs bulge with bestial killing power. (Slay +2)
You have sharp claws.
You have razor-sharp teeth.
You have supernaturally acute eyesight. (SInv)
You are covered in fur. (AC +1)
Your paws help you pounce on unaware monsters.
You are incapable of wielding weapons or throwing items.
You cannot wear armour.
You gain extra lives every three experience levels.


Message History

A gnoll comes into view. It is wielding a +0 spear.
A gnoll comes into view. It is wielding a +0 flail.
A quokka comes into view.
The gnoll shouts!
You hear a shout! x2
The gnoll shouts!
A gnoll comes into view. It is wielding a +0 whip.
The gnoll barely misses you.
You closely miss the gnoll.
The gnoll shouts!
The gnoll closely misses you.
You scratch the gnoll.
The gnoll is lightly wounded.
A gnoll comes into view. It is wielding a +0 club.
The gnoll hits you with a +0 club.
You claw the gnoll! Your claw misses the gnoll.
The gnoll is severely wounded.
The gnoll closely misses you.
You closely miss the gnoll. Your claw misses the gnoll.
The gnoll is severely wounded.
The gnoll hits you with a +0 club.
You closely miss the gnoll.
The gnoll is severely wounded.
You claw the gnoll!
You kill the gnoll!
You closely miss the gnoll. The gnoll hits you with a +0 flail.
You scratch the gnoll but do no damage. The gnoll hits you with a +0 flail!
You barely miss the gnoll.
A gnoll comes into view. It is wielding a +0 spear.
A gnoll comes into view. It is wielding a +0 halberd.
The gnoll completely misses you.
Found an escape hatch in the floor.
The gnoll attacks as it pursues you! The gnoll completely misses you.
The gnoll attacks as it pursues you! The gnoll completely misses you.
Found a stone staircase leading down.
Found a scroll of enchant weapon.
The gnoll attacks as it pursues you! The gnoll completely misses you.
There is an escape hatch in the floor here.
The gnoll hits you with a +0 flail!
Ouch! That really hurt!
You die...

#.# #.# #>#
###########.######
#.g.g..gg.#.##...
###.#######.g..#.#
....# ###......#
###.# #.....r#.##
#g# #.#.#.#gh.#
###g# #.#.......#
...g# # ###.#...#
.##g# ...##### #)#
##... #.# .?.. g.#
..... #... ...
....


You could see 4 gnolls and a quokka.

Vanquished Creatures
  A phantom (D:4)
  A bombardier beetle (D:3)
  Terence (D:2)
  2 adders
  4 gnolls
  A dart slug (D:2)
  6 endoplasms
  7 goblins
  2 hobgoblins
  4 kobolds
  7 quokkas
  4 ball pythons
  6 bats
  A frilled lizard (D:1)
  9 rats
56 creatures vanquished.

Notes
Turn   | Place    | Note
-------+----------+-------------------------------------------
     0 | D:1      | hawla the Felid Shapeshifter began the quest for the Orb.
     0 | D:1      | Reached XP level 1. HP: 10/10 MP: 2/2
   225 | D:1      | Reached XP level 2. HP: 4/14 MP: 3/3
   795 | D:2      | Noticed Terence
   811 | D:2      | Killed Terence
   812 | D:2      | Reached XP level 3. HP: 11/18 MP: 4/4
   848 | D:2      | Found a faded altar of an unknown god.
  1011 | D:2      | Reached skill level 4 in Unarmed Combat
  1019 | D:2      | Reached XP level 4. HP: 22/22 MP: 5/5
  1019 | D:2      | Gained a life (2 lives remaining)
  1211 | D:3      | HP: 1/33 [gnoll/+0 spear (1)]
  1240 | D:3      | Slain by a gnoll
  1240 | D:3      | Lost a life (1 life remaining)
  1450 | D:3      | Reached XP level 5. HP: 25/25 MP: 6/6
  1502 | D:3      | Found a radiant altar of Vehumet.
  1637 | D:3      | Found a glowing silver altar of Zin.
  1697 | D:4      | Identified a scroll of acquirement
  1700 | D:4      | Acquired 664 gold pieces
  1733 | D:4      | Noticed a phantom
  1741 | D:4      | Killed a phantom
  1742 | D:4      | Reached skill level 5 in Unarmed Combat
  1846 | D:4      | Noticed Menkaure
  1858 | D:4      | Mangled by Menkaure
  1858 | D:4      | Lost a life (0 lives remaining)
  1904 | D:4      | Slain by a gnoll

Illustrated notes

Levels and vault maps discovered:
D:1:      dpeg_arrival_round_c, layout_loops_ring, minmay_misc_feat_rugged
D:2:      layout_basic, basic_ecumenical_altar, uniq_natasha, uniq_terence
D:3:      layout_rooms, mainiacjoe_overflow_paths, zin_treasury,
          minmay_misc_feat_x
D:4:      layout_loops_corners, yredelemnul_forgotten_temple_becter,
          trog_antimagical, uniq_sigmund, uniq_robin, uniq_menkaure

Skill      XL: |  1  2  3  4  5 |
---------------+----------------+-----
Shapeshifting  | 3 |  3.7
Dodging        | 3 |  3.5
Unarmed Combat | 4 5 |  5.5
Fighting       | |  1.0

Action                     |  1- 3 |  4- 6 || total
---------------------------+-------+-------++-------
  Melee: Unarmed           |    70 |    69 ||   139
         Bite              |     6 |     4 ||    10
         Punch             |     3 |     3 ||     6
    Use: Potion            |     1 |     6 ||     7
         Scroll            |       |     6 ||     6
   Stab: Sleeping          |     2 |     4 ||     6
 Armour: Skin              |    20 |    45 ||    65
  Dodge: Dodged            |    62 |    44 ||   106
